 Dungeon Crawl Stone Soup version 0.18-a0-918-g58938db (webtiles) character file.

113 Fyery the Magician (level 4, -7/27 HPs)
             Began as a High Elf Wizard on Dec 27, 2015.
             Mangled by an ogre
             ... wielding a +0 giant spiked club
              (26 damage)
             ... on level 3 of the Dungeon.
             The game lasted 00:07:40 (2293 turns).

Fyery the Magician (High Elf Wizard)                Turns: 2293, Time: 00:07:40

Health: -7/27      AC:  3    Str:  6    XL:     4   Next: 65%
Magic:  3/11       EV: 13    Int: 22    God:
Gold:   123        SH:  0    Dex: 14    Spells: 2 memorised, 9 levels left

rFire  . . .     SeeInvis .     g - +0 dagger (venom)
rCold  . . .     Gourm    .     a - +0 robe
rNeg   . . .     Faith    .     (no shield)
rPois  .         Spirit   .     b - +0 hat
rElec  .         Dismiss  .     u - +0 cloak
rCorr  .         Reflect  .     (no gloves)
SustAt .         Harm     .     (no boots)
MR     .....                    (no amulet)
Stlth  ++........               (no ring)
                                (no ring)

@: very slightly contaminated, not resistant to hostile enchantments, unstealthy
A: no striking features
a: no special abilities


You were on level 3 of the Dungeon.
You were very hungry.

You visited 1 branch of the dungeon, and saw 3 of its levels.

You collected 123 gold pieces.

Inventory:

Hand Weapons
 f - a +0 dagger
 g - a +0 dagger of venom (weapon)
 o - a +1 dagger of venom
Armour
 a - a +0 robe (worn)
 b - a +0 hat (worn)
 j - a +0 helmet
 u - a +0 cloak (worn)
Jewellery
 q - an uncursed amulet of resist corrosion {unknown}
 t - an uncursed ring of positive energy {unknown}
Scrolls
 i - 2 scrolls of identify {unknown}
 k - a scroll of enchant armour {unknown}
 l - a scroll of teleportation {unknown}
 n - 2 scrolls of magic mapping {unknown}
 r - a scroll of blinking {unknown}
 s - a scroll of enchant weapon {unknown}
Potions
 e - a potion of beneficial mutation {unknown}
 h - 3 potions of curing {unknown}
 m - a potion of degeneration {unknown}
 p - 2 potions of poison {unknown}
Books
 c - a book of Minor Magic

   Spells                             Type                      Level
   a - Magic Dart                     Conjuration                  1
   b - Blink                          Translocation                2
   c - Call Imp                       Summoning                    2
   d - Repel Missiles                 Charms/Air                   2
   e - Slow                           Hexes                        2
   f - Conjure Flame                  Conjuration/Fire             3
   g - Mephitic Cloud                 Conjuration/Poison/Air       3
Comestibles
 d - 3 bread rations


   Skills:
 + Level 0.4 Fighting
 + Level 2.9 Dodging
 - Level 2.6 Stealth
 + Level 4.9 Spellcasting
 + Level 2.6 Conjurations
   Level 0.8 Summonings
 - Level 1.1 Translocations


You had 9 spell levels left.
You knew the following spells:

 Your Spells              Type           Power        Failure   Level  Hunger
a - Magic Dart            Conj           ###.         4%          1    None
b - Blink                 Tloc           N/A          12%         2    None


Dungeon Overview and Level Annotations

Branches:
Dungeon (3/15)

Altars:
Elyvilon

Annotations:
D:1 1 runed door


Message History

Nothing appears to happen.
Casting: Magic Dart
Confirm with . or Enter, or press ? or * to list all spells.
Aiming: Magic Dart
Press: ? - help, Shift-Dir - straight line, f/p - ogre
Aim: an ogre, wielding a giant spiked club (severely wounded)
The magic dart hits the ogre.
The ogre is almost dead.
You are feeling very hungry.
The ogre barely misses you.
Casting: Magic Dart
Confirm with . or Enter, or press ? or * to list all spells.
Aiming: Magic Dart
Press: ? - help, Shift-Dir - straight line, f/p - ogre
Aim: an ogre, wielding a giant spiked club (almost dead)
The magic dart hits the ogre.
The ogre is almost dead.
The ogre hits you with a giant spiked club!!
Ouch! That really hurt!
You die...

#....# #....# #### #....# ....
#....# .# .###################
#....###.# ..#.....#...........
###)...#..( #.#.# #.#.##########
#......##.# #.#.# #.....#...#
#.####.##.####.#.#####.#.#.#.####
...............O@................
#....####.####.#...)##.#####.####
.....#....# ...##......#####(#
.....#....#.##.....######....#
........#.# #.##.... #.####
....###.#.# #.....#.# #.#######
....# #...# .......... #(......#
....# ##### .######.#.########.#
..... .............#


You could see an ogre.

Vanquished Creatures
  Jessica (D:2)
  3 adders
  An ooze (D:1)
  A worm (D:2)
  2 giant geckos
  A ball python (D:2)
  7 bats
  A giant cockroach (D:2)
  10 goblins
  5 hobgoblins
  10 kobolds
  3 giant newts
  2 quokkas
  5 rats
52 creatures vanquished.

Notes
Turn   | Place    | Note
--------------------------------------------------------------
     0 | D:1      | Fyery the High Elf Wizard began the quest for the Orb.
     0 | D:1      | Reached XP level 1. HP: 11/11 MP: 6/6
     1 | D:1      | Found a runed door.
   164 | D:1      | Reached skill level 4 in Spellcasting
   241 | D:1      | Reached XP level 2. HP: 17/17 MP: 2/8
   543 | D:1      | Learned a level 2 spell: Blink
   877 | D:1      | Reached XP level 3. HP: 19/21 MP: 5/9
  1399 | D:2      | Found a faded altar to an unknown god.
  1434 | D:2      | Noticed Jessica
  1460 | D:2      | Killed Jessica
  1460 | D:2      | Reached XP level 4. HP: 27/27 MP: 7/11
  1742 | D:2      | Found a white marble altar of Elyvilon.
  2212 | D:3      | Noticed an ogre
  2293 | D:3      | Mangled by an ogre

Vault maps used:
D:1:      dpeg_arrival_caged_fury, hangedman_decor_lopped, minivault_23,
          minmay_misc_feat_tower, patterned_corridor
D:2:      lemuel_doored_altar, ecumenical_altar_1, mrwooster_statue_mirror,
          uniq_jessica
D:3:      nicolae_gozag_cash_rules_everything_around_me, uniq_natasha

Action                   |  1- 3 |  4- 6 || total
-------------------------+-------+-------++-------
Melee: Dagger            |    11 |    20 ||    31
 Cast: Magic Dart        |    60 |    45 ||   105
       Blink             |       |     3 ||     3
 Stab: Sleeping          |     1 |       ||     1
  Eat: Chunk             |     1 |     2 ||     3
